 Dungeon Crawl Stone Soup version 0.26-a0-1177-g1209ec82b9 (webtiles) character file.

Game seed: 7090631209672421340

170 sahdkjhfkaj the Conjurer (level 5, -7/28 HPs)
             Began as a Deep Elf Conjurer on Dec 24, 2020.
             Was an Initiate of Sif Muna.
             Killed by divine providence
             ... invoked by an orc priest
              (14 damage)
             ... on level 3 of the Dungeon.
             The game lasted 00:02:39 (2583 turns).

sahdkjhfkaj the Conjurer (Deep Elf Conjurer)        Turns: 2583, Time: 00:02:39

Health: -7/28      AC:  2    Str:  4    XL:     5   Next: 26%
Magic:  1/14       EV: 13    Int: 24    God:    Sif Muna [......]
Gold:   102        SH:  0    Dex: 13    Spells: 2/13 levels left

rFire    . . .     SeeInvis .   (no weapon)
rCold    . . .     Faith    .   (no shield)
rNeg     . . .     Spirit   .   a - +0 robe
rPois    .         Reflect  .   (no helmet)
rElec    .         Harm     .   (no cloak)
rCorr    .         Rampage  .   (no gloves)
Will     .....                  (no boots)
Stlth    ++........             (no amulet)
HPRegen  0.09/turn              (no ring)
MPRegen  0.14/turn              (no ring)

@: no status effects
A: no striking features
a: Renounce Religion


You were on level 3 of the Dungeon.
You worshipped Sif Muna.
Sif Muna was noncommittal.
You visited 1 branch of the dungeon, and saw 3 of its levels.

You collected 102 gold pieces.

Inventory:

Armour
 a - a +0 robe (worn)
Jewellery
 g - a +4 ring of evasion {unknown}
 k - an uncursed ring of poison resistance {unknown}
Scrolls
 c - 4 scrolls of identify {unknown}
 e - a scroll of amnesia {unknown}
 f - a scroll of enchant armour {unknown}
Potions
 b - a potion of mutation {unknown}
 d - 2 potions of lignification {unknown}
 h - 2 potions of curing {unknown}
 i - a potion of experience {unknown}
 j - a potion of attraction {unknown}


   Skills:
 - Level 2.4 Dodging
 - Level 2.4 Stealth
 - Level 4.8 Spellcasting
 - Level 5.4 Conjurations
 + Level 2.8 Hexes
 + Level 1.9 Translocations


You had 2 spell levels left.
You knew the following spells:

 Your Spells              Type           Power        Failure   Level
a - Magic Dart            Conj           100%         1%          1
b - Searing Ray           Conj           64%          1%          2
f - Fulminant Prism       Conj/Hex       12%          16%         4
M - Iskenderun's Mystic   Conj/Tloc      23%          21%         4

Your spell library contained the following spells:

 Spells                   Type           Power        Failure   Level
 Dazzling Flash           Conj/Hex       50%          4%          3


Dungeon Overview and Level Annotations

Branches:
Dungeon (3/15)

Altars:
Sif Muna


Message History

There's a creature in the doorway!
There's a creature in the doorway!
There's a creature in the doorway!
Casting: Searing Ray (safe; 1% risk of failure)
Confirm with . or Enter, or press ? or * to list all spells.
Aiming: Searing Ray (safe; 1% risk of failure)
Press: ? - help, Shift-Dir - straight line, f - orc priest
Aim: an orc priest, wielding a +0 hand axe and wearing a +0 ring mail (17% to evade)
The searing ray hits the orc priest.
The orc priest is lightly wounded. (Press . to maintain the ray.)
The orc priest hits you with a cursed +0 hand axe.
* * * LOW HITPOINT WARNING * * *
Unknown command.
The searing ray hits the orc priest but does no damage.
The orc priest is lightly wounded.
The orc priest invokes the aid of Beogh against you.
Beogh smites you!
Ouch! That really hurt!
You die...

##...## #.###.##.#
##.....## #...[.##.#
##.......## #.....##.#
#.........###....###.#
+.........+....#......
#.........####...#####
##.......## ##..#
##.....## ##.# ##)@[##
#†# ##o## #.# #)# #.#
#.....# #.# #.#.#.#
#.# #.....# . ... #
.#..†.. .. ..!#.


You could see an orc priest.

Vanquished Creatures
  An orc wizard (D:3)
  An orc priest (D:3)
  Terence (D:2)
  2 adders (D:2)
  A worm (D:2)
  2 dart slugs (D:1)
  3 leopard geckos
  2 orcs (D:3)
  7 bats
  2 giant cockroaches
  6 goblins
  5 hobgoblins
  6 jackals
  8 kobolds
  2 frilled lizards
  7 rats
56 creatures vanquished.

Notes
Turn   | Place    | Note
-------+----------+-------------------------------------------
     0 | D:1      | sahdkjhfkaj the Deep Elf Conjurer began the quest for the
                  | Orb.
     0 | D:1      | Reached XP level 1. HP: 10/10 MP: 6/6
   170 | D:1      | Reached XP level 2. HP: 15/15 MP: 1/8
   175 | D:1      | Learned a level 2 spell: Searing Ray
  1167 | D:2      | Reached skill level 5 in Conjurations
  1167 | D:2      | Reached XP level 3. HP: 19/19 MP: 3/10
  1600 | D:2      | Noticed Terence
  1604 | D:2      | Killed Terence
  1605 | D:2      | Reached XP level 4. HP: 20/24 MP: 6/12
  1658 | D:2      | Learned a level 4 spell: Fulminant Prism
  1786 | D:2      | Reached skill level 1 in Hexes
  1791 | D:2      | Learned a level 4 spell: Iskenderun's Mystic Blast
  1925 | D:2      | Found a shimmering blue altar of Sif Muna.
  2106 | D:2      | Became a worshipper of Sif Muna the Loreminder
  2545 | D:3      | Reached skill level 1 in Translocations
  2545 | D:3      | Reached XP level 5. HP: 28/28 MP: 8/14
  2583 | D:3      | Killed from afar by an orc priest

Illustrated notes

Levels and vault maps discovered:
D:1:      roderic_chinese_lattice_arrival, layout_basic
D:2:      layout_basic, led_sif_pool, uniq_terence
D:3:      layout_loops_corners

Skill      XL: |  1  2  3  4 |
---------------+-------------+-----
Spellcasting   | 4 |  4.8
Conjurations   | 5 |  5.4
Hexes          | 2 |  2.8
Translocations | 1 |  1.9
Dodging        | |  2.4
Stealth        | |  2.4

Action                   |  1- 3 |  4- 6 || total
-------------------------+-------+-------++-------
 Cast: Magic Dart        |    62 |    23 ||    85
       Searing Ray       |     3 |     6 ||     9
Armor: Robe              |     1 |     1 ||     2
Dodge: Dodged            |     7 |     7 ||    14

Table legend: (Time is in decaauts)
 A = Elapsed time spent in this place.
 B = Non-inter-level travel time spent in this place.
 C = Inter-level travel time spent in this place.
 D = Time resting spent in this place.
 E = Time spent auto-exploring this place.
 F = Levels seen in this place.
 G = Mean time per level.
                   A        B        C        D        E       F      G
               +--------+--------+--------+--------+--------+-----+--------+
         Total |   2584 |   2459 |    125 |      4 |   2222 |   3 |  861.3 |
       Dungeon |   2584 |   2459 |    125 |      4 |   2222 |   3 |  861.3 |
               +--------+--------+--------+--------+--------+-----+--------+

Top non-repeatable levels by time:
     D:2: 1186 daAuts
     D:1: 1153 daAuts
     D:3: 244 daAuts
